General information
- name: BNet
- type: Ladder team game (AT/RT)
- host: Battle.net
- saver: invsmortars
map: Deadlock
- players: 8
- length: 31:50
- speed: Fast
- version: 1.26 W3XP
- replay type: Public
» download(227 KB)
Players
team 1 (winner)

»
ExNihiloSum (
pink | 43 APM | 1373 actions | 31:49)
6 Dreadlord
3 Carrion Swarm
2 Vampiric Aura
1 Inferno
» actions
| Assign group hotkey | 17 | |
| Basic commands | 82 | |
| Build / train | 127 | |
| Enter build submenu | 20 | |
| Enter hero's abilities submenu | 6 | |
| Remove unit from queue | 11 | |
| Right click | 429 | |
| Select / deselect | 504 | |
| Select group hotkey | 114 | |
| Use ability | 63 | |
1373 total
» units
| Acolyte | 5 | |
| Ghoul | 8 | |
| Crypt Fiend | 4 | |
| Centaur Outrunner | 1 | |
| Obsidian Statue | 4 | |
| Necromancer | 38 | |
| Meatwagon | 3 | |
| Gargoyle | 15 | |
78 total
» upgrades
| Necromancer Training | 2 | |
| Exhume Corpses | 1 | |
| Skeletal Mastery | 1 | |
| Skeletal Longevity | 1 | |
| Unholy Strength | 3 | |
| Unholy Armor | 3 | |
| Ghoul Frenzy | 1 | |
12 total
» buildings
| Altar of Darkness | 1 | |
| Ziggurat | 7 | |
| Crypt | 2 | |
| Tomb of Relics | 1 | |
| Graveyard | 1 | |
| Halls of the Dead | 1 | |
| Black Citadel | 2 | |
| Temple of the Damned | 2 | |
| Slaughterhouse | 1 | |
| Spirit Tower | 12 | |
30 total
» build order
01:01 Altar of Darkness
01:03 Ziggurat
01:47 Crypt
02:02 Ziggurat
02:09 Tomb of Relics
02:42 Graveyard
04:00 Halls of the Dead
05:38 Ziggurat
06:30 Black Citadel
06:36 Temple of the Damned
06:42 Slaughterhouse
07:16 Ziggurat
07:36 Temple of the Damned
07:56 Ziggurat
10:18 Ziggurat
13:27 Ziggurat
14:24 Spirit Tower
14:25 Spirit Tower
14:29 Spirit Tower
14:29 Spirit Tower
14:29 Spirit Tower
20:28 Spirit Tower
20:29 Spirit Tower
30:34 Crypt
» items
| Potion of Healing | 2 | |
| Potion of Mana | 1 | |
3 total
invsmortars (
teal | 82 APM | 2606 actions | 31:50)
6 Mountain King
3 Storm Bolt
2 Bash
1 Avatar
4 Paladin
2 Holy Light
2 Divine Shield
» actions
| Assign group hotkey | 52 | |
| Build / train | 102 | |
| Enter build submenu | 19 | |
| Enter hero's abilities submenu | 10 | |
| Give item / drop item | 8 | |
| Right click | 997 | |
| Select / deselect | 340 | |
| Select group hotkey | 984 | |
| Use ability | 94 | |
2606 total
» units
| Peasant | 18 | |
| Footman | 4 | |
| Flying Machine | 15 | |
| Siege Engine | 5 | |
| Dragonhawk Rider | 2 | |
44 total
» upgrades
| Masonry | 3 | |
| Lumber Harvesting | 2 | |
| Flak Cannons | 1 | |
| Gunpowder | 3 | |
| Plating | 2 | |
| Flying Machine Bombs | 1 | |
| Barrage | 1 | |
13 total
» buildings
| Altar of Kings | 1 | |
| Barracks | 1 | |
| Farm | 12 | |
| Scout Tower | 6 | |
| Arcane Tower | 3 | |
| Lumber Mill | 1 | |
| Town Hall | 1 | |
| Keep | 1 | |
| Guard Tower | 3 | |
| Arcane Vault | 1 | |
| Castle | 2 | |
| Blacksmith | 1 | |
| Workshop | 3 | |
| Gryphon Aviary | 3 | |
39 total
» build order
00:09 Altar of Kings
00:20 Barracks
00:59 Farm
01:02 Farm
01:42 Scout Tower
02:04 Farm
02:23 Arcane Tower
02:37 Lumber Mill
02:49 Farm
04:14 Town Hall
04:16 Scout Tower
04:44 Arcane Tower
04:44 Arcane Tower
05:31 Keep
05:48 Scout Tower
05:49 Scout Tower
05:52 Scout Tower
05:53 Scout Tower
06:31 Guard Tower
07:04 Arcane Vault
07:07 Guard Tower
08:44 Guard Tower
09:26 Castle
09:30 Blacksmith
09:47 Farm
09:49 Farm
09:49 Farm
10:45 Workshop
10:50 Workshop
11:37 Workshop
21:07 Gryphon Aviary
21:07 Gryphon Aviary
21:08 Gryphon Aviary
21:11 Farm
21:11 Farm
21:12 Farm
21:12 Farm
21:13 Farm
» items
| Staff of Teleportation | 2 | |
| Boots of Speed | 1 | |
| Scroll of Regeneration | 3 | |
| Potion of Mana | 2 | |
| Ivory Tower | 3 | |
| Potion of Lesser Invulnerability | 1 | |
| Dust of Appearance | 1 | |
| Scroll of Town Portal | 4 | |
| Potion of Healing | 1 | |
| Staff of Sanctuary | 1 | |
19 total

»
lP-ll-lVl-lP (
orange | 77 APM | 2442 actions | 31:49)
7 Mountain King
3 Thunder Clap
3 Storm Bolt
1 Avatar
» actions
| Assign group hotkey | 14 | |
| Basic commands | 2 | |
| Build / train | 136 | |
| ESC pressed | 13 | |
| Enter build submenu | 39 | |
| Enter hero's abilities submenu | 7 | |
| Give item / drop item | 2 | |
| Remove unit from queue | 2 | |
| Right click | 856 | |
| Select / deselect | 849 | |
| Select group hotkey | 384 | |
| Use ability | 138 | |
2442 total
» units
| Peasant | 17 | |
| Footman | 4 | |
| Flying Machine | 26 | |
| Mortar Team | 6 | |
| Siege Engine | 7 | |
| Sorceress | 4 | |
64 total
» upgrades
| Masonry | 3 | |
| Lumber Harvesting | 2 | |
| Flak Cannons | 1 | |
| Flying Machine Bombs | 1 | |
| Magic Sentry | 1 | |
| Flare | 1 | |
| Fragmentation Shards | 1 | |
| Barrage | 1 | |
| Gunpowder | 3 | |
| Sorceress Training | 2 | |
| Armor | 0 | |
| Plating | 1 | |
17 total
» buildings
| Altar of Kings | 1 | |
| Farm | 10 | |
| Barracks | 1 | |
| Lumber Mill | 1 | |
| Scout Tower | 9 | |
| Arcane Tower | 7 | |
| Town Hall | 4 | |
| Arcane Vault | 1 | |
| Guard Tower | 5 | |
| Keep | 3 | |
| Blacksmith | 2 | |
| Castle | 3 | |
| Workshop | 3 | |
| Arcane Sanctum | 1 | |
51 total
» build order
00:10 Altar of Kings
00:28 Farm
00:44 Barracks
01:05 Farm
01:15 Lumber Mill
01:49 Scout Tower
02:00 Farm
02:24 Arcane Tower
02:24 Arcane Tower
02:25 Arcane Tower
03:43 Scout Tower
03:59 Town Hall
04:01 Scout Tower
04:02 Scout Tower
04:05 Scout Tower
04:12 Arcane Vault
04:16 Arcane Tower
04:29 Guard Tower
04:30 Guard Tower
04:41 Guard Tower
05:44 Keep
05:44 Keep
06:04 Scout Tower
06:07 Scout Tower
06:12 Scout Tower
06:34 Guard Tower
07:00 Guard Tower
07:47 Blacksmith
07:48 Blacksmith
08:05 Castle
08:05 Castle
08:35 Workshop
08:54 Workshop
09:39 Arcane Sanctum
10:12 Workshop
14:11 Farm
14:11 Farm
14:15 Farm
15:25 Farm
15:26 Farm
20:03 Farm
20:40 Farm
21:44 Town Hall
24:43 Town Hall
24:46 Scout Tower
30:54 Town Hall
» items
| Scroll of Regeneration | 4 | |
| Lesser Clarity Potion | 6 | |
| Potion of Healing | 3 | |
| Orb of Fire | 1 | |
| Potion of Mana | 1 | |
| Scroll of Town Portal | 2 | |
17 total

»
AmericanSerb (
blue | 43 APM | 1378 actions | 31:49)
6 Keeper of the Grove
1 Force of Nature
2 Entangling Roots
2 Thorns Aura
1 Tranquility
» actions
| Basic commands | 27 | |
| Build / train | 80 | |
| Enter build submenu | 33 | |
| Enter hero's abilities submenu | 6 | |
| Give item / drop item | 1 | |
| Right click | 446 | |
| Select / deselect | 655 | |
| Use ability | 130 | |
1378 total
» units
| Wisp | 35 | |
| Archer | 4 | |
| Druid of the Claw | 8 | |
| Dryad | 2 | |
| Hippogryph | 5 | |
54 total
» upgrades
| Ultravision | 1 | |
| Strength of the Wild | 3 | |
| Reinforced Hides | 3 | |
| Druid of the Claw Training | 2 | |
| Mark of the Claw | 1 | |
| Well Spring | 1 | |
11 total
» buildings
| Altar of Elders | 1 | |
| Moon Well | 11 | |
| Ancient of War | 1 | |
| Hunter's Hall | 1 | |
| Tree of Ages | 1 | |
| Tree of Life | 3 | |
| Ancient of Lore | 2 | |
| Tree of Eternity | 1 | |
| Ancient of Wonders | 1 | |
| Ancient Protector | 9 | |
| Ancient of Wind | 1 | |
32 total
» build order
00:06 Altar of Elders
00:08 Moon Well
00:41 Ancient of War
01:43 Moon Well
02:31 Hunter's Hall
02:59 Moon Well
03:51 Tree of Ages
05:02 Moon Well
05:35 Tree of Life
06:13 Ancient of Lore
06:17 Ancient of Lore
07:04 Tree of Eternity
09:56 Ancient of Wonders
10:04 Moon Well
11:41 Ancient Protector
11:43 Ancient Protector
11:46 Ancient Protector
11:48 Ancient Protector
12:00 Ancient Protector
15:18 Moon Well
16:23 Moon Well
18:24 Moon Well
19:52 Ancient of Wind
21:05 Ancient Protector
21:10 Ancient Protector
21:16 Ancient Protector
21:54 Ancient Protector
22:36 Tree of Life
26:30 Moon Well
26:32 Moon Well
26:33 Moon Well
31:16 Tree of Life
» items
| Scroll of Town Portal | 2 | |
| Orb of Venom | 1 | |
| Potion of Healing | 1 | |
| Periapt of Vitality | 1 | |
| Boots of Speed | 1 | |
6 total
team 2 (loser)

»
LEVYATANN (
purple | 35 APM | 1118 actions | 31:50)
7 Death Knight
3 Death Coil
3 Unholy Aura
1 Animate Dead
5 Lich
3 Frost Nova
2 Frost Armor
» actions
| Assign group hotkey | 40 | |
| Basic commands | 14 | |
| Build / train | 75 | |
| ESC pressed | 2 | |
| Enter build submenu | 26 | |
| Enter hero's abilities submenu | 12 | |
| Give item / drop item | 3 | |
| Remove unit from queue | 13 | |
| Right click | 430 | |
| Select / deselect | 242 | |
| Select group hotkey | 181 | |
| Use ability | 80 | |
1118 total
» units
| Acolyte | 9 | |
| Ghoul | 5 | |
| Crypt Fiend | 11 | |
| Obsidian Statue | 7 | |
| Frost Wyrm | 6 | |
38 total
» upgrades
| Web | 1 | |
| Creature Attack | 3 | |
| Creature Carapace | 3 | |
7 total
» buildings
| Ziggurat | 9 | |
| Crypt | 1 | |
| Altar of Darkness | 1 | |
| Graveyard | 1 | |
| Nerubian Tower | 1 | |
| Halls of the Dead | 1 | |
| Slaughterhouse | 1 | |
| Black Citadel | 1 | |
| Tomb of Relics | 1 | |
| Sacrificial Pit | 1 | |
| Boneyard | 2 | |
| Spirit Tower | 3 | |
| Necropolis | 2 | |
25 total
» build order
00:15 Ziggurat
00:18 Crypt
00:53 Altar of Darkness
01:09 Graveyard
01:35 Ziggurat
02:07 Nerubian Tower
03:13 Halls of the Dead
03:32 Ziggurat
06:38 Slaughterhouse
07:15 Black Citadel
07:22 Ziggurat
07:43 Ziggurat
07:45 Ziggurat
07:47 Ziggurat
07:53 Ziggurat
08:14 Tomb of Relics
08:23 Ziggurat
08:46 Sacrificial Pit
09:51 Boneyard
11:30 Boneyard
17:23 Spirit Tower
17:25 Spirit Tower
22:57 Spirit Tower
27:25 Necropolis
30:53 Necropolis
» items
| Periapt of Vitality | 1 | |
| Orb of Corruption | 2 | |
| Scroll of Town Portal | 3 | |
| Orb of Lightning | 1 | |
| Potion of Lesser Invulnerability | 1 | |
| Boots of Speed | 1 | |
9 total

»
DAGRENTHESLAYER (
green | 96 APM | 3060 actions | 31:50)
9 Tauren Chieftain
2 War Stomp
3 Endurance Aura
3 Shockwave
1 Reincarnation
» actions
| Assign group hotkey | 45 | |
| Build / train | 110 | |
| Enter build submenu | 31 | |
| Enter hero's abilities submenu | 9 | |
| Give item / drop item | 2 | |
| Right click | 1538 | |
| Select / deselect | 517 | |
| Select group hotkey | 664 | |
| Use ability | 144 | |
3060 total
» units
| Peon | 23 | |
| Grunt | 4 | |
| Wind Rider | 6 | |
| Spirit Walker | 3 | |
| Troll Batrider | 8 | |
| Troll Headhunter/Berserker | 4 | |
| Troll Witch Doctor | 1 | |
| Shaman | 2 | |
51 total
» upgrades
| Ranged Weapons | 2 | |
| Reinforced Defenses | 1 | |
| Envenomed Spears | 1 | |
| Spirit Walker Training | 1 | |
| Witch Doctor Training | 2 | |
| Berserker Upgrade | 1 | |
| Shaman Training | 2 | |
| Liquid Fire | 1 | |
11 total
» buildings
| Altar of Storms | 2 | |
| Orc Burrow | 9 | |
| Barracks | 2 | |
| Voodoo Lounge | 1 | |
| War Mill | 2 | |
| Watch Tower | 7 | |
| Great Hall | 2 | |
| Stronghold | 1 | |
| Beastiary | 3 | |
| Fortress | 1 | |
| Spirit Lodge | 2 | |
32 total
» build order
00:09 Altar of Storms
00:19 Orc Burrow
00:35 Barracks
01:26 Voodoo Lounge
01:55 Orc Burrow
02:27 War Mill
04:36 Orc Burrow
04:39 Watch Tower
04:42 Orc Burrow
04:50 Watch Tower
05:48 Great Hall
05:51 Watch Tower
05:52 Watch Tower
06:08 Watch Tower
07:07 Stronghold
07:20 Watch Tower
07:22 Watch Tower
09:26 Orc Burrow
09:31 Beastiary
09:33 Beastiary
09:35 Beastiary
11:04 Fortress
12:45 Spirit Lodge
13:25 Spirit Lodge
13:41 Orc Burrow
14:08 Orc Burrow
17:58 Barracks
19:00 Great Hall
20:57 Orc Burrow
26:44 Orc Burrow
28:33 Altar of Storms
28:38 War Mill
» items
| Healing Salve | 3 | |
| Lesser Clarity Potion | 5 | |
| Boots of Speed | 1 | |
| Tome of Retraining | 1 | |
| Potion of Invisibility | 1 | |
| Potion of Mana | 2 | |
| Potion of Healing | 3 | |
| Scroll of Town Portal | 7 | |
| Orb of Lightning | 1 | |
| Scroll of Speed | 1 | |
| Scroll of Healing | 2 | |
| Tiny Great Hall | 1 | |
| Orb of Corruption | 1 | |
29 total
192000 (
red | 34 APM | 1080 actions | 31:49)
2 Crypt Lord
1 Carrion Beetles
1 Impale
4 Dark Ranger
2 Black Arrow
1 Life Drain
1 Silence
» actions
| Build / train | 62 | |
| Enter build submenu | 19 | |
| Enter hero's abilities submenu | 6 | |
| Remove unit from queue | 1 | |
| Right click | 579 | |
| Select / deselect | 372 | |
| Use ability | 40 | |
1080 total
» units
| Acolyte | 6 | |
| Ghoul | 4 | |
| Crypt Fiend | 7 | |
| Razormane Medicine Man | 2 | |
| Frost Wyrm | 25 | |
44 total
» upgrades
» buildings
| Ziggurat | 10 | |
| Altar of Darkness | 1 | |
| Crypt | 1 | |
| Tomb of Relics | 1 | |
| Graveyard | 1 | |
| Halls of the Dead | 1 | |
| Sacrificial Pit | 1 | |
| Black Citadel | 1 | |
| Boneyard | 2 | |
19 total
» build order
00:08 Ziggurat
00:11 Altar of Darkness
00:31 Crypt
00:55 Tomb of Relics
01:54 Ziggurat
02:16 Graveyard
03:59 Halls of the Dead
04:35 Ziggurat
04:37 Ziggurat
07:59 Sacrificial Pit
08:48 Black Citadel
09:53 Ziggurat
09:58 Ziggurat
10:02 Ziggurat
10:04 Ziggurat
11:17 Boneyard
11:21 Boneyard
13:25 Ziggurat
13:28 Ziggurat
» items
| Rod of Necromancy | 1 | |
| Scroll of Town Portal | 1 | |
2 total
FUXSUHDUXS2 (
yellow | 29 APM | 497 actions | 16:55)
4 Blademaster
2 Wind Walk
2 Critical Strike
» actions
| Build / train | 40 | |
| Enter build submenu | 13 | |
| Enter hero's abilities submenu | 4 | |
| Right click | 209 | |
| Select / deselect | 187 | |
| Use ability | 44 | |
497 total
» units
» upgrades
| Spiked Barricades | 1 | |
| Ranged Weapons | 2 | |
3 total
» buildings
| Altar of Storms | 2 | |
| Orc Burrow | 6 | |
| Voodoo Lounge | 1 | |
| War Mill | 1 | |
| Stronghold | 1 | |
| Beastiary | 2 | |
13 total
» build order
00:38 Altar of Storms
00:44 Orc Burrow
00:57 Voodoo Lounge
01:08 War Mill
01:21 Orc Burrow
02:19 Orc Burrow
03:25 Stronghold
05:15 Orc Burrow
05:38 Orc Burrow
05:50 Beastiary
05:55 Beastiary
06:44 Orc Burrow
15:11 Altar of Storms
» items
| Healing Salve | 4 | |
| Lesser Clarity Potion | 5 | |
| Scroll of Town Portal | 2 | |
| Boots of Speed | 1 | |
12 total
Chat log
(00:15 / All) FUXSUHDUXS2: oh its the nigger seb
(01:20 / All) DAGRENTHESLAYER: gl hf
(01:54 / Allies) AmericanSerb: bears
(04:01 / All) DAGRENTHESLAYER: LOL PINK
(05:13 / All) invsmortars: this may be a short game
(06:46 / Allies) lP-ll-lVl-lP: orcs prob batting
(06:47 / Allies) lP-ll-lVl-lP: or wyven
(07:34 / All) DAGRENTHESLAYER: fucking virgin noob
(09:34 / Allies) ExNihiloSum: im rdy
(10:31 / Allies) lP-ll-lVl-lP: wood
(10:32 / Allies) lP-ll-lVl-lP: pls
(10:41 / Allies) lP-ll-lVl-lP: ty
(11:36 / Allies) AmericanSerb: no aa?
(11:55 / Allies) invsmortars: christ this team is awful
(12:54 / Allies) ExNihiloSum: tptptp
(17:13 / Allies) invsmortars: go blue
(18:07 / Allies) AmericanSerb: fiends??
(18:40 / Allies) AmericanSerb: get more aa
(19:15 / Allies) invsmortars: no tp
(19:16 / Allies) invsmortars: pink
(19:23 / Allies) lP-ll-lVl-lP: pink
(19:24 / Allies) invsmortars: come on man
(19:24 / Allies) lP-ll-lVl-lP: fucking
(19:26 / Allies) lP-ll-lVl-lP: run ur dl out
(19:27 / Allies) lP-ll-lVl-lP: omg
(19:31 / Allies) lP-ll-lVl-lP: wow
(20:13 / Allies) lP-ll-lVl-lP: pink
(20:17 / Allies) invsmortars: we're gonna lose this
(20:17 / Allies) lP-ll-lVl-lP: on suicide missiosn
(21:59 / Allies) lP-ll-lVl-lP: we tp to next main they hit?
(22:34 / Allies) lP-ll-lVl-lP: TP
(22:34 / Allies) lP-ll-lVl-lP: TP
(22:35 / Allies) lP-ll-lVl-lP: TP
(23:18 / Allies) lP-ll-lVl-lP: fuck it
(23:18 / Allies) lP-ll-lVl-lP: hit
(23:20 / Allies) lP-ll-lVl-lP: we win base race
(24:08 / Allies) lP-ll-lVl-lP: everyone got a fucking tp
(24:11 / Allies) AmericanSerb: no
(24:13 / Allies) AmericanSerb: i used mine
(24:15 / Allies) AmericanSerb: give me one
(24:19 / Allies) lP-ll-lVl-lP: go fucking get 1
(24:24 / Allies) AmericanSerb: i just lost my base
(26:58 / Allies) lP-ll-lVl-lP: teal meet up
(27:02 / Allies) lP-ll-lVl-lP: blue buy tp
(27:20 / Allies) ExNihiloSum: bears
(28:08 / Allies) invsmortars: tp
(28:10 / Allies) lP-ll-lVl-lP: tp
(28:20 / Allies) lP-ll-lVl-lP: cut
(28:20 / Allies) lP-ll-lVl-lP: off
(28:29 / Allies) lP-ll-lVl-lP: push out teal
(29:46 / Allies) AmericanSerb: tanks first
(29:57 / Allies) AmericanSerb: build
(30:00 / Allies) AmericanSerb: lots of towers
(30:25 / Allies) AmericanSerb: spread out and build
(30:38 / Allies) AmericanSerb: someone has to tower
(30:42 / Allies) AmericanSerb: or leave tanks behind
(30:46 / Allies) lP-ll-lVl-lP: towers r worthless
(30:48 / Allies) lP-ll-lVl-lP: vs frosts
(30:51 / Allies) lP-ll-lVl-lP: with breath
(30:51 / Allies) AmericanSerb: so leave tanks behind
(31:08 / Allies) AmericanSerb: because if they take out your base they win